 Dungeon Crawl Stone Soup version 0.26.0-10-g1f06aea511 (webtiles) character file.

Game seed: 4840226738914261136

238 Borgoz the Skirmisher (level 6, -3/52 HPs)
             Began as a Ghoul Gladiator on Jan 15, 2021.
             Killed from afar by an orc wizard (10 damage)
             ... with a puff of flame
             ... on level 5 of the Dungeon.
             The game lasted 00:02:50 (2602 turns).

Borgoz the Skirmisher (Ghoul Gladiator)             Turns: 2602, Time: 00:02:50

Health: -3/52      AC:  2    Str: 18    XL:     6   Next: 7%
Magic:  0/5        EV: 12    Int:  3    God:
Gold:   109        SH:  0    Dex: 12    Spells: 5/5 levels left

rFire    . . .     SeeInvis .   a - +0 long sword
rCold    + . .     Faith    .   (no shield)
rNeg     + + +     Spirit   +   m - +0 ring mail
rPois    ∞         Reflect  .   c - +0 helmet
rElec    .         Harm     .   (no cloak)
rCorr    .         Rampage  .   (no gloves)
Will     .....                  (no boots)
Stlth    ..........             p - amulet of guardian spirit
HPRegen  0.00/turn              r - ring of attention (curse)
MPRegen  0.09/turn              (no ring)

@: corroded
A: claws 1, cold resistance 1, negative energy resistance 3, inhibited
regeneration, torment resistance, unbreathing
a: no special abilities


You were on level 5 of the Dungeon.
You visited 1 branch of the dungeon, and saw 4 of its levels.

You collected 109 gold pieces.

Inventory:

Hand Weapons
 a - a +0 long sword (weapon)
Missiles
 d - 2 throwing nets (quivered)
Armour
 c - a +0 helmet (worn)
 m - a +0 ring mail (worn)
Jewellery
 p - an amulet of guardian spirit (around neck)
 r - a cursed ring of attention (left claw)
Wands
 l - a wand of iceblast (9)
Scrolls
 f - 4 scrolls of identify {unknown}
 h - 2 scrolls of enchant weapon {unknown}
 i - 2 scrolls of teleportation {unknown}
 j - a scroll of remove curse {unknown}
 k - a scroll of fear {unknown}
 n - a scroll of enchant armour {unknown}
 q - 3 scrolls of magic mapping {unknown}
Potions
 b - a potion of curing {unknown}
 e - a potion of berserk rage
 g - a potion of heal wounds {unknown}
 o - a potion of might


   Skills:
 + Level 3.8 Fighting
 + Level 3.7 Long Blades
 - Level 1.8 Throwing
 + Level 2.3 Armour
 + Level 3.7 Dodging


You had 5 spell levels left.
You didn't know any spells.
Your spell library was empty.

Dungeon Overview and Level Annotations

Branches:
Dungeon (5/15)
 Temple: D:4-7

Altars:
Okawaru
Xom


Innate Abilities, Weirdness & Mutations

You thrive by killing the living.
You are immune to poison.
You have sharp fingernails.
Your flesh is cold resistant. (rC+)
You are immune to negative energy. (rN+++)
You do not regenerate when monsters are visible.
You are immune to unholy pain and torment.
You can survive without breathing.


Message History

The magic dart hits you!
* * * LOW HITPOINT WARNING * * *
It was a potion of berserk rage.
You cannot raise a blood rage in your lifeless body.
You barely miss something.
The orc throws a boomerang.
The weapon returns to the orc!
Something hits you but does no damage.
You miss something.
The orc throws a boomerang.
The boomerang hits you.
* * * LOW HITPOINT WARNING * * *
The weapon returns to the orc!
Something hits you but does no damage.
The orc throws a boomerang.
The boomerang hits you but does no damage.
The weapon returns to the orc!
You miss something. Something hits you but does no damage.
The orc throws a boomerang.
The boomerang closely misses you.
The weapon returns to the orc!
You hit something but do no damage.
You hear some strange, mumbled words.
A puff of flame appears from out of thin air!
The puff of flame hits you!
You die...

#... ...... #...#
##########....#
#...###...##..##....###.
#...........(..+........
#..............#..[.....
#.............##.....#
#.............##Z....##.
#...........).@{o.......
#...###...##..##Z....##.
#...# #<..##..##.....#
#....#.....#..+.........
#....#.....+..##?....##.
#....#.....#..##.....#
#....#.....#..#......#
#.$..+.....#..+.......
######


You could see an orc, a ball python skeleton and an adder skeleton.

Vanquished Creatures
  A scorpion (D:5)
  A jelly (D:5)
  An iguana (D:3)
  4 gnolls
  An adder (D:2)
  2 worms (D:2)
  4 dart slugs
  2 leopard geckos
  An orc (D:5)
  10 bats
  6 goblins
  9 hobgoblins
  4 jackals (D:3)
  7 kobolds
  4 quokkas
  A ball python (D:3)
  8 rats
66 creatures vanquished.

Vanquished Creatures (others)
  A gnoll (D:3)
  An orc (D:3)
2 creatures vanquished.

Grand Total: 68 creatures vanquished

Notes
Turn   | Place    | Note
-------+----------+-------------------------------------------
     0 | D:1      | Borgoz the Ghoul Gladiator began the quest for the Orb.
     0 | D:1      | Reached XP level 1. HP: 17/17 MP: 0/0
    57 | D:1      | Reached XP level 2. HP: 25/25 MP: 1/1
   675 | D:1      | Reached XP level 3. HP: 26/30 MP: 2/2
   831 | D:2      | Reached skill level 1 in Armour
   920 | D:2      | Found a shimmering altar of Xom.
  1231 | D:2      | Reached XP level 4. HP: 38/38 MP: 3/3
  1550 | D:2      | Found an iron altar of Okawaru.
  2154 | D:3      | Reached XP level 5. HP: 22/45 MP: 1/4
  2349 | D:3      | You fall into a shaft and drop 2 floors!
  2349 | D:5      | Entered Level 5 of the Dungeon
  2592 | D:5      | Reached XP level 6. HP: 33/52 MP: 2/5
  2602 | D:5      | Killed from afar by an orc wizard

Illustrated notes

Levels and vault maps discovered:
D:1:      lightli_arrival_boilingwater, layout_basic, minmay_pentomino_x2
D:2:      layout_rooms, lemuel_doored_altar, overflow_temple_1_default,
          serial_aquarium, aquarium_bridge_long_joined [aquarium_subvault_wall,
          aquarium_subvault_bridge, aquarium_subvault_balcony,
          aquarium_subvault_bridge, aquarium_subvault_bridge,
          aquarium_subvault_window], aquarium_bridge_square
          [aquarium_subvault_wall, aquarium_subvault_bridge,
          aquarium_subvault_balcony, aquarium_subvault_wall], aquarium_window_1,
          aquarium_window_2, aquarium_window_1, aquarium_window_1,
          aquarium_view_2d, aquarium_balcony_double_4, minmay_misc_feat_x
D:3:      layout_basic, vehumet_crystals,
          chequers_temple_overflow_statue_of_worship, minmay_misc_feat_iff,
          lemuel_flame_loot_1
D:5:      minmay_spotlight, layout_gridville, elyvilon_altar_1

Skill      XL: |  1  2  3  4  5 |
---------------+----------------+-----
Long Blades    | 3 |  3.7
Dodging        | 3 |  3.7
Armour         | 1 2 |  2.3
Fighting       | 3 |  3.8
Throwing       | |  1.8

Action                   |  1- 3 |  4- 6 || total
-------------------------+-------+-------++-------
Melee: Long sword        |    91 |   127 ||   218
Throw: Throwing net      |     1 |     1 ||     2
  Use: Potion            |       |     1 ||     1
Armor: Leather armour    |    13 |       ||    13
       Ring mail         |    16 |    67 ||    83
Dodge: Dodged            |    57 |    92 ||   149
       Rpst.: Long sword |    17 |    28 ||    45
